AoeStats
← Klaus

African Clearing

504258757Analyzed
4v4 RM · 29d ago on Sep 4, 2026· 32m 34s· 8 players
Game mode
Random Map
Map size
Large (8 player)
Population
200
Speed
Normal
Resources
Standard
Victory
Conquest
Starting age
Dark Age
Ending age
Imperial Age
RankedLock teamsTeams togetherTeam positionsShared explorationLock speedFull tech treeHidden civsTurbo modeCheats
Victory
Defeat
🇩🇪 Armenians · Germany
1349
+14
🇮🇳 Vietnamese · India
1327
+15
🇮🇳 Khmer · India
1311
+15
🇺🇸 Sicilians · United States
1238
+19
🇨🇳 Georgians · China
1305
-16
🇨🇳 Magyars · China
1300
-16
🇹🇼 Britons · Taiwan
1299
-16
🇮🇹 Mongols · Italy
1290
-15
3YC
14:11 Feudal Age
15:39 Double-Bit Axe
18:31 Castle Age
17:56 Loom
22:42 Town Watch
33:26 Imperial Age
31:03 Fletching
DeeperDeeper
13:16 Loom
15:35 Feudal Age
19:26 Castle Age
18:30 Double-Bit Axe
19:39 Town Watch
21:24 Wheelbarrow
21:52 Bow Saw
21:24 Horse Collar
29:01 Heavy Plow
30:13 Hand Cart
30:31 Stone Mining
30:31 Gold Mining
30:54 Fletching
32:17 Bodkin Arrow
长相犯罪
3:59 Loom
14:07 Feudal Age
17:42 Scale Barding Armor
17:49 Bloodlines
22:48 Castle Age
21:15 Forging
23:50 Husbandry
24:14 Pikeman
25:22 Squires
lillithadam20
13:33 Feudal Age
14:45 Double-Bit Axe
14:55 Gold Mining
17:15 Castle Age
16:07 Bloodlines
22:14 Loom
22:52 Bow Saw
22:49 Horse Collar
25:07 Scale Barding Armor
28:02 Chain Barding Armor
Klaus
9:51 Loom
12:55 Feudal Age
17:28 Castle Age
16:04 Double-Bit Axe
20:40 Bow Saw
20:32 Gold Mining
22:33 Gold Shaft Mining
23:35 Wheelbarrow
22:55 Stone Mining
22:29 Man-at-Arms
22:55 Gambesons
23:12 Scale Mail Armor
23:12 Long Swordsman
24:11 Chain Mail Armor
24:55 Hand Cart
25:55 Two-Handed Swordsman
27:37 Horse Collar
29:18 Heavy Plow
30:01 Squires
30:13 Forging
Enter a Name
4:02 Loom
12:44 Feudal Age
17:01 Castle Age
15:54 Double-Bit Axe
17:54 Horse Collar
26:40 First Crusade
26:36 Scale Mail Armor
27:54 Chain Mail Armor
30:17 Wheelbarrow
33:08 Imperial Age
31:16 Forging
31:47 Hand Cart
33:04 Heavy Plow
33:15 Bow Saw
Weary Sigh
11:11 Feudal Age
13:10 Town Watch
13:38 Double-Bit Axe
18:10 Fletching
19:03 Horse Collar
20:04 Loom
21:23 Wheelbarrow
25:11 Castle Age
23:52 Gold Mining
24:05 Stone Mining
25:50 Bodkin Arrow
25:54 Crossbowman
30:53 Ballistics
31:16 Padded Archer Armor
Comrades of Kankidiot
3:09 Loom
13:07 Feudal Age
23:35 Castle Age
22:08 Double-Bit Axe
22:05 Horse Collar
27:01 Bloodlines
31:49 Gold Mining
Connection lost

Rejoining the realm…

Still unreachable

The connection could not be restored.

Session expired

The server has moved on; the page needs a fresh start.